 Dungeon Crawl Stone Soup version 0.30.0-29-ga12c61a403 (webtiles) character file.

Game seed: 15750075977170853202

364 FishyPogo the Insei (level 6, -5/47 HPs)
             Began as a Gnoll Transmuter on June 19, 2023.
             Killed by nerve-wracking pain
             ... invoked by an orc priest
              (8 damage)
             ... on level 4 of the Dungeon.
             The game lasted 00:09:15 (3934 turns).

FishyPogo the Insei (Gnoll Transmuter)              Turns: 3934, Time: 00:09:17

Health: -5/47      AC:  2    Str:  7 (9)  XL:     6   Next: 67%
Magic:  12/14      EV: 22    Int: 14 (15) God:
Gold:   179        SH:  0    Dex: 16 (17) Spells: 9/15 levels left

rFire   . .          .
                       - Unarmed
rCold   . . .        (shield currently unavailable)
rNeg    . . .        m - melded +0 robe
rPois   x            (helmet currently unavailable)
rElec   .            (cloak currently unavailable)
rCorr   +            (gloves currently unavailable)
SInv    .            (boots currently unavailable)
Will    .....        (no amulet)
Stlth   ++           c - ring of resist corrosion
HPRegen 0.27/turn    (no ring)
MPRegen 0.14/turn

%: no passive effects
@: spider-form (expiring), wereblooded (expiring), attractive
A: venomous fangs, tiny, (fangs 1), strong nose, distributed training
a: End Transformation


You were on level 4 of the Dungeon.
You were a venomous arachnid creature.
You visited 1 branch of the dungeon, and saw 4 of its levels.

You collected 283 gold pieces.
You spent 104 gold pieces at shops.

Inventory:

Hand Weapons
 a - the +1 sling "Pahizu" {elec, rC+ Str+3}
   (You bought it in a shop on level 2 of the Dungeon)

   Str:       It affects your strength (+3).
   rC:        It protects you from cold.
 y - a +0 vampiric falchion
Missiles
 d - 25 stones
 g - 5 poisoned darts
 i - 5 boomerangs
Armour
 f - a +0 pair of gloves
 m - a +0 robe (melded)
Jewellery
 c - a ring of resist corrosion (left front pincers)
 k - a ring of ice
 s - a +6 ring of strength
Wands
 r - a wand of mindburst (18)
 t - a wand of flame (7)
Scrolls
 h - 2 scrolls of fog
 j - a scroll of enchant weapon {unknown}
 l - a scroll of teleportation {unknown}
 o - a scroll of butterflies {unknown}
 p - 2 scrolls of fear {unknown}
 q - 3 scrolls of identify {unknown}
 u - a scroll of enchant armour {unknown}
 x - a scroll of poison {unknown}
 A - a scroll of amnesia {unknown}
Potions
 b - a potion of lignification
 v - a potion of ambrosia {unknown}
 w - a potion of haste {unknown}
 z - a potion of flight {unknown}


   Skills:
 + Level 3.3 Fighting
 + Level 2.1 Short Blades
 + Level 2.1 Long Blades
 + Level 2.1 Axes
 + Level 2.1 Maces & Flails
 + Level 2.1 Polearms
 + Level 2.1 Staves
 + Level 2.1 Ranged Weapons
 + Level 2.1 Throwing
 + Level 2.1 Armour
 + Level 5.0 Dodging
 + Level 2.1 Stealth
 + Level 2.1 Shields
 + Level 6.9 Unarmed Combat
 + Level 5.4 Spellcasting
 + Level 1.7 Conjurations
 + Level 1.7 Hexes
 + Level 1.7 Summonings
 + Level 1.7 Necromancy
 + Level 1.7 Translocations
 + Level 4.2 Transmutations
 + Level 1.7 Fire Magic
 + Level 1.7 Ice Magic
 + Level 1.7 Air Magic
 + Level 1.7 Earth Magic
 + Level 1.7 Poison Magic
 + Level 2.3 Invocations
 + Level 2.1 Evocations


You had 9 spell levels left.
You knew the following spells:

 Your Spells              Type           Power      Damage    Failure   Level
a - Beastly Appendage     Tmut           30%        N/A       11%         1
b - Wereblood             Tmut           15%        N/A       14%         2
c - Spider Form           Tmut/Pois      12%        N/A       34%         3

Your spell library contained the following spells:

 Spells                   Type           Power      Damage    Failure   Level
 Ice Form                 Ice/Tmut       12%        N/A       67%         4


Dungeon Overview and Level Annotations

Branches:
Dungeon (4/15)
 Temple: D:4-7

Altars:
Fedhas

Shops:
D:2 ((?(

Annotations:
D:4 Dowan, Duvessa


Innate Abilities, Weirdness & Mutations

You are a venomous arachnid creature.
You have venomous fangs.
You are tiny and dextrous.
Your spellcasting is less reliable in this form.
Your armour is entirely melded.
You are incapable of wielding weapons or throwing items.
((You have very sharp teeth.))
Your uncanny sense of smell can sniff out nearby items.
Your experience applies equally to all skills.


Message History

You kill the jackal!
A jackal comes into view.
You hiss as the wereblood boils in your veins!
The orc priest hits you with a +3 short sword of speed.
A gnoll comes into view. It is wielding a +0 spear.
Duvessa says, "Where magic fails, the sword succeeds!"
You bite the orc priest!
The orc priest is heavily wounded.
The orc priest looks encouraged for a moment.
You hit Duvessa.
Duvessa is poisoned.
Duvessa is lightly wounded.
The orc priest hits you with a +3 short sword of speed!
You bite Duvessa!
Duvessa looks as sick as possible!
Duvessa is heavily wounded.
Dowan, Brother of Duvessa comes into view.
He is wielding a +0 dagger.
Duvessa hits you but does no damage.
The orc priest calls down the wrath of Beogh upon you.
Pain shoots through your body!
You bite Duvessa!
Duvessa is severely wounded.
Dowan points at Duvessa and mumbles some strange words.
Duvessa seems to speed up.
Duvessa closely misses you.
The orc priest invokes the aid of Beogh against you.
Beogh smites you!
* * * LOW HITPOINT WARNING * * *
It was a potion of degeneration.
There was something very wrong with that liquid.
You feel weakened.
You feel dopey.
You feel clumsy. Duvessa barely misses you.
The orc priest hits you with a +3 short sword of speed.
* * * LOW HITPOINT WARNING * * *
Duvessa hits you with a +0 rapier!
* * * LOW HITPOINT WARNING * * *
It was a potion of attraction.
You feel attractive to monsters.
You hiss as the wereblood boils in your veins!
Your primal bloodlust is almost over.
The orc priest invokes the aid of Beogh against you.
Pain shoots through your body!
You die...

####<# #.# #.#
#.# #.# #.#
#.# #.# #.#
#.# #.# #.#
#..### #.#
#...#.######
#.†..ghos#
#.....###.##e#
#..### #.##)#
#. #.##)#
#.##.# #.##.#
#.##e# #.##.#
#.##.#


You could see Duvessa (fast, extremely poisoned), Dowan, an orc priest, a gnoll
and a jackal.

Vanquished Creatures
  A black bear (D:3)
  A sleepcap (D:4)
  An orc wizard (D:4)
  5 gnolls
  8 adders
  4 dart slugs
  8 orcs
  6 ball pythons
  5 bats
  5 endoplasms
  7 giant cockroaches
  7 hobgoblins
  3 jackals (D:4)
  5 kobolds
  6 quokkas
  4 frilled lizards
  4 goblins
  6 rats
86 creatures vanquished.

Notes
Turn   | Place    | Note
-------+----------+-------------------------------------------
     0 | D:1      | FishyPogo the Gnoll Transmuter began the quest for the Orb.
     0 | D:1      | Reached XP level 1. HP: 17/17 MP: 6/6
    46 | D:1      | You fall into a shaft and drop 1 floor!
   138 | D:1      | Reached XP level 2. HP: 23/23 MP: 4/7
   141 | D:1      | Learned a level 2 spell: Wereblood
   627 | D:1      | Reached skill level 5 in Spellcasting
   627 | D:1      | Reached XP level 3. HP: 18/28 MP: 6/9
   947 | D:1      | Reached skill level 1 in Invocations
  1331 | D:2      | Found Loczynoc's Magic Scroll Shoppe.
  1334 | D:2      | Reached skill level 1 in Short Blades
  1334 | D:2      | Reached skill level 1 in Long Blades
  1334 | D:2      | Reached skill level 1 in Axes
  1334 | D:2      | Reached skill level 1 in Maces & Flails
  1334 | D:2      | Reached skill level 1 in Polearms
  1334 | D:2      | Reached skill level 1 in Staves
  1334 | D:2      | Reached skill level 1 in Ranged Weapons
  1334 | D:2      | Reached skill level 1 in Throwing
  1334 | D:2      | Reached skill level 1 in Armour
  1334 | D:2      | Reached skill level 1 in Stealth
  1334 | D:2      | Reached skill level 1 in Shields
  1334 | D:2      | Reached skill level 1 in Evocations
  1413 | D:2      | Found Foruq's Antique Weapon Shop.
  1445 | D:2      | Reached XP level 4. HP: 8/34 MP: 11/11
  1687 | D:2      | Found Wemykut's Antique Weapon Boutique.
  1752 | D:2      | Found Papsadd's Antique Weapon Shop.
  1760 | D:2      | Reached skill level 1 in Conjurations
  1760 | D:2      | Reached skill level 1 in Hexes
  1760 | D:2      | Reached skill level 1 in Summonings
  1760 | D:2      | Reached skill level 1 in Necromancy
  1760 | D:2      | Reached skill level 1 in Translocations
  1760 | D:2      | Reached skill level 1 in Fire Magic
  1760 | D:2      | Reached skill level 1 in Ice Magic
  1760 | D:2      | Reached skill level 1 in Air Magic
  1760 | D:2      | Reached skill level 1 in Earth Magic
  1760 | D:2      | Reached skill level 1 in Poison Magic
  2083 | D:2      | Bought a glimmering sling for 104 gold pieces
  2083 | D:2      | Identified the +1 sling "Pahizu" {elec, rC+ Str+3} (You
                  | bought it in a shop on level 2 of the Dungeon)
  2180 | D:3      | Learned a level 3 spell: Spider Form
  2634 | D:3      | Reached XP level 5. HP: 40/40 MP: 12/12
  2888 | D:3      | Noticed a black bear
  3155 | D:3      | Killed a black bear
  3156 | D:3      | Reached XP level 6. HP: 41/47 MP: 4/14
  3401 | D:4      | Noticed a black bear
  3476 | D:4      | Reached skill level 5 in Dodging
  3654 | D:4      | Found a blossoming altar of Fedhas.
  3922 | D:4      | Noticed Duvessa
  3931 | D:4      | Noticed Dowan
  3934 | D:4      | Killed from afar by an orc priest

Illustrated notes

Levels and vault maps discovered:
D:1:      lightli_arrival_statue_moat, layout_basic
D:2:      layout_basic, serial_shops, nicolae_shop_waterfront, shop,
          nicolae_shop_statue_plus, shop
D:3:      layout_basic
D:4:      layout_loops_ring, fedhas_altar_3, lightli_corner_chamber,
          uniq_duvessa

Skill      XL: |  1  2  3  4  5  6 |
---------------+-------------------+-----
Spellcasting   | 5 |  5.4
Invocations    | 1 2 |  2.3
Short Blades   | 1 2 |  2.1
Long Blades    | 1 2 |  2.1
Axes           | 1 2 |  2.1
Maces & Flails | 1 2 |  2.1
Polearms       | 1 2 |  2.1
Staves         | 1 2 |  2.1
Ranged Weapons | 1 2 |  2.1
Throwing       | 1 2 |  2.1
Armour         | 1 2 |  2.1
Stealth        | 1 2 |  2.1
Shields        | 1 2 |  2.1
Evocations     | 1 2 |  2.1
Conjurations   | 1 |  1.7
Hexes          | 1 |  1.7
Summonings     | 1 |  1.7
Necromancy     | 1 |  1.7
Translocations | 1 |  1.7
Fire Magic     | 1 |  1.7
Ice Magic      | 1 |  1.7
Air Magic      | 1 |  1.7
Earth Magic    | 1 |  1.7
Poison Magic   | 1 |  1.7
Fighting       | 3 |  3.3
Transmutations | 4 |  4.2
Dodging        | 5 |  5.0
Unarmed Combat | |  6.9

Action                     |  1- 3 |  4- 6 || total
---------------------------+-------+-------++-------
  Melee: Unarmed           |    75 |    62 ||   137
         Kick              |    22 |     9 ||    31
         Headbutt          |    12 |     7 ||    19
         Bite              |     1 |     2 ||     3
         Punch             |     1 |     1 ||     2
   Fire: Sling             |       |   102 ||   102
   Cast: Beastly Appendage |    39 |    12 ||    51
         Spider Form       |       |     3 ||     3
         Wereblood         |       |     2 ||     2
    Use: Scroll            |     3 |       ||     3
         Potion            |     1 |     3 ||     4
   Stab: Sleeping          |     1 |       ||     1
 Armour: Robe              |     9 |     8 ||    17
         Skin              |       |     2 ||     2
  Dodge: Dodged            |    48 |    90 ||   138
